 Dungeon Sprint DCSS version 0.23.2 (webtiles) character file.

Game seed: 2016512346703798924

2000000 Fang the Slayer (level 17, -19/171 HPs)
             Began as a Demonspawn Gladiator on Apr 2, 2019.
             Was a Priest of Makhleb.
             Demolished by a meat berserker
             ... wielding a +9 battleaxe
              (56 damage)
             ... in the Dungeon (Sprint VIII: "Arena of Blood").
             The game lasted 00:00:27 (20 turns).

Fang the Slayer (Demonspawn Gladiator)                Turns: 20, Time: 00:00:28

Health: -19/171    AC:  5    Str: 19    XL:     17   Next: 41%
Magic:  17/17      EV: 31    Int: 10    God:    Makhleb [***...]
Gold:   0          SH:  0    Dex: 17    Spells: 16/16 levels left

rFire    . . .     SeeInvis .   l - +∞ Axe of Woe
rCold    . . .     Gourm    .   (shield currently unavailable)
rNeg     . . .     Faith    .   b - +0 leather armour
rPois    .         Spirit   .   (helmet unavailable)
rElec    .         Reflect  .   (no cloak)
rCorr    .         Harm     .   (no gloves)
MR       +....     NoTele   +   (no boots)
Stlth    +.........             (no amulet)
HPRegen  5.38/turn              (no ring)
MPRegen  0.15/turn              (no ring)

@: no status effects
A: horns 3, slimy green scales 1, demonic guardian 2, powered by death 3
a: Minor Destruction, Lesser Servant of Makhleb, Renounce Religion


You were in the Dungeon.
You worshipped Makhleb.
Makhleb was most pleased with you.
You were not hungry.

You visited 1 branch

Inventory:

Hand Weapons
 a - a +0 war axe
 l - the +∞ Axe of Woe (weapon)
   (You found it in the Dungeon)
Missiles
 d - 3 throwing nets (quivered)
Armour
 b - a +0 leather armour (worn)
 c - a +0 helmet
Scrolls
 k - a scroll of blinking
Potions
 e - a potion of curing
 g - a potion of heal wounds
 h - a potion of haste
 i - 2 potions of magic
 j - a potion of berserk rage
Comestibles
 f - a ration


   Skills:
 + Level 26.1 Fighting
 + Level 24.5 Axes
 + Level 24.4 Throwing
 + Level 24.5 Dodging


You had 16 spell levels left.
You didn't know any spells.
Your spell library was empty.

Dungeon Overview and Level Annotations

Branches:
Dungeon (1/1)

Altars:
Makhleb


Innate Abilities, Weirdness & Mutations

You have a pair of large horns on your head.
You are partially covered in slimy green scales. (AC +2)
A demonic guardian rushes to your aid.
You regenerate a lot of health from kills.


Message History

Things that are here:
a +9 battleaxe; a +30 ring of slaying; a meat berserker corpse The destroyer appears out of thin air!
A destroyer comes into view.
It is wielding a +9 great sword of slicing.
The bag of meat shouts!
The destroyer shouts!
You hear two shouts!
You hear a shout! x3
The meat berserker completely misses you.
You hear a shout! x4
You hear a shout! x6
A bag of meat comes into view. It is wielding a +9 war axe.
You hear a shout!
The bag of meat hits you with a +9 war axe!!!
* * * LOW HITPOINT WARNING * * *
Things that are here:
a +9 battleaxe; a +30 ring of slaying; a meat berserker corpse An orc, an ogre and a vampire knight come into view.
The destroyer is wielding a +9 great sword of slicing.
The bag of meat shouts!
The destroyer shouts!
You hear a shout! x3
The meat berserker hits you with a +9 battleaxe!!!
You die...

o......O..
o..........
.........
#.......# ..
#.... ..# .
...###... ..###..
........###......
#..o...@._)......
......#O)o).#..
..... #_o<)_#
.... #..)o.#
#........_.O...o
.......V###......
...###... ..###..
. #..V ..# . #...
..#


You could see 2 destroyers, a large bag of meat (inner flame), 2 meat berserkers
and 5 bags of meat.

Vanquished Creatures
  5 ogres (D)
  3 orcs (D)
8 creatures vanquished.

Notes
Turn   | Place    | Note
-------+----------+-------------------------------------------
     0 | D        | Found the +∞ Axe of Woe
     0 | D        | Fang the Demonspawn Gladiator began the quest for the Orb.
     0 | D        | Reached XP level 1. HP: 16/16 MP: 1/1
     4 | D        | Became a worshipper of Makhleb the Destroyer
     6 | D        | Noticed a bag of meat
     6 | D        | Noticed a bag of meat
     6 | D        | Noticed a bag of meat
     7 | D        | Noticed a bag of meat
    10 | D        | Killed a bag of meat
    10 | D        | Reached skill level 14 in Fighting
    10 | D        | Gained mutation: You are partially covered in slimy green
                  | scales. (AC +2) [demonic ancestry]
    10 | D        | Reached XP level 2. HP: 43/43 MP: 2/2
    10 | D        | Reached XP level 3. HP: 49/49 MP: 3/3
    10 | D        | Gained mutation: You have a pair of small horns on your
                  | head. [demonic ancestry]
    10 | D        | Reached XP level 4. HP: 56/56 MP: 4/4
    10 | D        | Gained mutation: You regenerate a little health from kills.
                  | [demonic ancestry]
    10 | D        | Reached XP level 5. HP: 62/62 MP: 5/5
    10 | D        | Reached XP level 6. HP: 69/69 MP: 6/6
    10 | D        | Gained mutation: A weak demonic guardian rushes to your
                  | aid. [demonic ancestry]
    10 | D        | Reached XP level 7. HP: 75/75 MP: 7/7
    10 | D        | Reached XP level 8. HP: 82/82 MP: 8/8
    10 | D        | Gained mutation: You have a pair of horns on your head.
                  | [demonic ancestry]
    10 | D        | Reached XP level 9. HP: 88/88 MP: 9/9
    10 | D        | Reached XP level 10. HP: 95/95 MP: 10/10
    10 | D        | Gained mutation: A demonic guardian rushes to your aid.
                  | [demonic ancestry]
    10 | D        | Reached XP level 11. HP: 101/101 MP: 11/11
    11 | D        | Killed a bag of meat
    11 | D        | Reached * piety under Makhleb
    11 | D        | Reached skill level 16 in Fighting
    11 | D        | Reached skill level 15 in Axes
    11 | D        | Reached skill level 15 in Throwing
    11 | D        | Reached skill level 15 in Dodging
    11 | D        | Reached XP level 12. HP: 113/113 MP: 12/12
    11 | D        | Noticed a meat berserker
    11 | D        | Noticed a meat berserker
    11 | D        | Noticed a meat berserker
    12 | D        | Killed a bag of meat
    12 | D        | Reached skill level 18 in Fighting
    12 | D        | Gained mutation: You regenerate health from kills. [demonic
                  | ancestry]
    12 | D        | Reached XP level 13. HP: 122/122 MP: 13/13
    13 | D        | Killed a meat berserker
    13 | D        | Reached skill level 20 in Fighting
    13 | D        | Reached XP level 14. HP: 135/135 MP: 14/14
    13 | D        | Noticed a bag of meat
    13 | D        | Noticed a meat berserker
    13 | D        | Noticed a meat berserker
    13 | D        | Noticed a bag of meat
    13 | D        | Noticed a bag of meat
    14 | D        | Noticed a bag of meat
    15 | D        | Killed a meat berserker
    15 | D        | Reached ** piety under Makhleb
    15 | D        | Reached skill level 22 in Fighting
    15 | D        | Gained mutation: You regenerate a lot of health from kills.
                  | [demonic ancestry]
    15 | D        | Reached XP level 15. HP: 43/146 MP: 15/15
    15 | D        | Killed a meat berserker
    15 | D        | Reached skill level 23 in Fighting
    15 | D        | Gained mutation: You have a pair of large horns on your
                  | head. [demonic ancestry]
    15 | D        | Reached XP level 16. HP: 46/157 MP: 16/16
    15 | D        | Noticed a meat berserker
    16 | D        | Killed a meat berserker
    16 | D        | Reached skill level 24 in Fighting
    16 | D        | Killed a meat berserker
    16 | D        | Reached *** piety under Makhleb
    16 | D        | Reached skill level 26 in Fighting
    16 | D        | Reached XP level 17. HP: 54/171 MP: 17/17
    17 | D        | Noticed a large bag of meat
    18 | D        | Noticed a destroyer
    20 | D        | Noticed a meat berserker
    20 | D        | Noticed a destroyer
    20 | D        | Demolished by a meat berserker

Skill      XL: |  1  2  3  4  5  6  7  8  9 10 11 12 13 14 15 16 |
---------------+-------------------------------------------------+-----
Fighting       | 14 16 18 20 22 23 26 | 26.1
Axes           | 13 15 17 19 20 22 24 | 24.5
Throwing       | 13 15 16 18 20 21 24 | 24.4
Dodging        | 13 15 17 19 20 22 24 | 24.5

Action                   |  1- 3 |  4- 6 |  7- 9 | 10-12 | 13-15 | 16-18 || total
-------------------------+-------+-------+-------+-------+-------+-------++-------
Melee: Executioner's axe |     1 |       |       |     2 |     2 |     1 ||     6
 Stab: Distracted        |       |       |       |       |     1 |       ||     1
Dodge: Dodged            |       |       |       |       |       |     1 ||     1
